 Dungeon Crawl Stone Soup version 0.30-a0-852-g08b95dd62f (webtiles) character file.

Game seed: 8785258695107075724

42 Zonian the Trooper (level 3, -1/20 HPs)
             Began as a Vine Stalker Fighter on Mar 4, 2023.
             Slain by a gnoll
             ... wielding a +0 whip
              (2 damage)
             ... on level 2 of the Dungeon.
             The game lasted 00:02:06 (1127 turns).

Zonian the Trooper (Vine Stalker Fighter)           Turns: 1127, Time: 00:02:07

Health: -1/20      AC:  6    Str: 20    XL:     3   Next: 56%
Magic:  0/4        EV:  9    Int:  8    God:
Gold:   35         SH:  4    Dex: 13    Spells: 2/2 levels left

rFire   . . .      SeeInvis .      - Unarmed
rCold   . . .      Faith    .    b - +0 buckler
rNeg    . . .      Spirit   +    a - +0 scale mail
rPois   .          Reflect  .    (no helmet)
rElec   .          Rampage  .    (no cloak)
rCorr   .                        (no gloves)
Will    .....                    (no boots)
Stlth   +                        (no amulet)
HPRegen 0.23/turn                (no ring)
MPRegen 0.09/turn                (no ring)

@: mighty
A: fangs 2, magic shield, antimagic bite, no potion heal 2
a: no special abilities


You were on level 2 of the Dungeon.
You visited 1 branch of the dungeon, and saw 2 of its levels.

You collected 35 gold pieces.

Inventory:

Armour
 a - a +0 scale mail (worn)
 b - a +0 buckler (worn)
Scrolls
 d - a scroll of teleportation {unknown}
 f - a scroll of noise {unknown}
 h - a scroll of torment {unknown}
 i - 2 scrolls of amnesia {unknown}
 j - a scroll of immolation {unknown}
Potions
 e - a potion of flight {unknown}
 g - a potion of mutation {unknown}
 k - a potion of haste {unknown}


   Skills:
 + Level 3.2 Fighting
 - Level 2.4 Armour
 + Level 2.2 Stealth
 - Level 2.7 Shields
 + Level 2.7 Unarmed Combat


You had 2 spell levels left.
You didn't know any spells.
Your spell library was empty.

Dungeon Overview and Level Annotations

Branches:
Dungeon (2/15)

Altars:


Innate Abilities, Weirdness & Mutations

You have extremely sharp teeth.
When hurt, damage is shared between your health and your magic reserves.
Your bite disrupts and absorbs the magic of your enemies.
Potions cannot restore your health.


Message History

Found a stone staircase leading down.
A gnoll comes into view. It is wielding a +0 spear.
Unknown command.
You block the gnoll's attack.
There is a stone staircase leading down here.
You hit the gnoll. You bite the gnoll. You drain its power.
The gnoll is severely wounded.
You hit the gnoll. Your bite misses the gnoll.
The gnoll is severely wounded.
You block the gnoll's attack. The gnoll closely misses you.
You hit the gnoll but do no damage.
The gnoll is severely wounded.
You block the gnoll's attack.
You hit the gnoll. Your bite misses the gnoll.
The gnoll is almost dead.
You block the gnoll's attack.
You hit the gnoll.
You kill the gnoll!
No target in view!
Things that are here:
a +0 spear; a gnoll corpse 2 gnolls come into view.
The gnoll shouts! x2
There are monsters nearby!
Unknown command.
The gnoll closely misses you. The gnoll hits you with a +0 whip.
You hit the gnoll. Your bite misses the gnoll.
The gnoll is heavily wounded.
The gnoll hits you with a +0 whip.
The gnoll hits you from afar with a +0 halberd!
* * * LOW HITPOINT WARNING * * *
You are too injured to fight recklessly!
You are too injured to fight recklessly!
You hit the gnoll. Your bite misses the gnoll.
The gnoll is severely wounded.
You block the gnoll's attack. The gnoll hits you with a +0 whip!
* * * LOW HITPOINT WARNING * * *
You feel very mighty all of a sudden. The gnoll closely misses you.
The gnoll hits you with a +0 whip.
You die...

###
#.######
#..)>..#
#@####.#
#g# #.#
.g#
#.###.#
####
#<....#
#######


You could see 2 gnolls.

Vanquished Creatures
  A gnoll (D:2)
  An endoplasm (D:1)
  A giant cockroach (D:1)
  7 goblins (D:1)
  2 hobgoblins (D:1)
  4 jackals (D:1)
  2 quokkas (D:1)
  A ball python (D:1)
  3 frilled lizards (D:1)
  3 kobolds (D:1)
  6 rats (D:1)
31 creatures vanquished.

Vanquished Creatures (others)
  A plant (D:1)
1 creature vanquished.

Grand Total: 32 creatures vanquished

Notes
Turn   | Place    | Note
-------+----------+-------------------------------------------
     0 | D:1      | Zonian the Vine Stalker Fighter began the quest for the
                  | Orb.
     0 | D:1      | Reached XP level 1. HP: 11/11 MP: 2/2
   116 | D:1      | Reached skill level 1 in Stealth
   116 | D:1      | Reached XP level 2. HP: 15/16 MP: 1/3
   329 | D:1      | Reached skill level 3 in Fighting
   338 | D:1      | Found a faded altar of an unknown god.
   653 | D:1      | Reached XP level 3. HP: 20/20 MP: 4/4
  1126 | D:2      | HP: 1/20 [gnoll/+0 whip (5)]
  1127 | D:2      | Slain by a gnoll

Illustrated notes

Levels and vault maps discovered:
D:1:      sevenhm_arrival_forest_fort_small_1, layout_basic,
          shapermc_ecumenical_altar_mp_urbaneastern,
          hangedman_decor_clover_reticule
D:2:      layout_basic

Skill      XL: |  1  2  3 |
---------------+----------+-----
Stealth        | 1 2 |  2.2
Fighting       | 3 |  3.2
Armour         | |  2.4
Shields        | |  2.7
Unarmed Combat | |  2.7

Action                     || total
---------------------------++-------
  Melee: Unarmed           ||    84
         Bite              ||    18
    Use: Potion            ||     1
 Armour: Scale mail        ||    26
  Dodge: Dodged            ||    32
  Block: Buckler           ||    19

Table legend: (Time is in decaauts)
 A = Elapsed time spent in this place.
 B = Non-inter-level travel time spent in this place.
 C = Inter-level travel time spent in this place.
 D = Time resting spent in this place.
 E = Time spent auto-exploring this place.
 F = Levels seen in this place.
 G = Mean time per level.
                   A        B        C        D        E       F      G
               +--------+--------+--------+--------+--------+-----+--------+
         Total |   1132 |   1088 |     44 |    117 |    767 |   2 |  566.0 |
       Dungeon |   1132 |   1088 |     44 |    117 |    767 |   2 |  566.0 |
               +--------+--------+--------+--------+--------+-----+--------+

Top non-repeatable levels by time:
     D:1: 1115 daAuts
     D:2: 16 daAuts
